 Dungeon Crawl Stone Soup version 0.31-a0-486-g8d68a81214 (webtiles) character file.

Game seed: 8541999326826329331

125 jlumianski the Magician (level 5, -8/38 HPs)
             Began as a Djinni Fire Elementalist on Aug 7, 2023.
             Mangled by Crazy Yiuf
             ... wielding a +4 quarterstaff of chaos
              (10 damage)
             ... on level 2 of the Dungeon on Aug 8, 2023.
             The game lasted 00:12:33 (2205 turns).

jlumianski the Magician (Djinni Fire Elementalist)  Turns: 2205, Time: 00:12:38

Health: -8/38      AC:  2    Str:  7    XL:     5   Next: 30%
Gold:   100        EV: 12    Int: 19    God:
                   SH:  0    Dex: 13

rFire   + + .        b - +0 dagger
rCold   x . .        (no shield)
rNeg    . . .        a - +0 robe
rPois   ∞            (no helmet)
rElec   .            (no cloak)
rCorr   .            (no gloves)
SInv    .            (boots unavailable)
Will    .....        (no amulet)
Stlth   ++           (no ring)
HPRegen 0.26/turn    (no ring)
MPRegen 0.00/turn

%: infuse magic (-9 HP)
@: flying
A: sickness immunity, fire resistance 2, cold vulnerability 1, float, innate
caster, HP casting, extra vitality 1
a: no special abilities


You were on level 2 of the Dungeon.
You visited 1 branch of the dungeon, and saw 3 of its levels.

You collected 100 gold pieces.

Inventory:

Hand Weapons
 b - a +0 dagger (weapon)
 g - a +0 short sword
Missiles
 h - 6 poisoned darts
Armour
 a - a +0 robe (worn)
 k - a +0 leather armour
Scrolls
 f - a scroll of enchant armour
 i - a scroll of enchant weapon {unknown}
 l - a scroll of silence {unknown}
Potions
 c - 3 potions of curing
 d - a potion of attraction
 e - a potion of resistance
 j - a potion of heal wounds {unknown}
 m - a potion of degeneration {unknown}


   Skills:
 * Level 2.0 Fighting
 + Level 1.1 Short Blades
 + Level 3.0 Dodging
 + Level 2.6 Stealth
 * Level 3.3 Spellcasting
 * Level 3.3 Conjurations
 * Level 3.3 Hexes
 * Level 3.3 Summonings
 * Level 3.3 Necromancy
 * Level 3.3 Translocations
 * Level 3.3 Transmutations
 * Level 3.3 Fire Magic
 * Level 3.3 Ice Magic
 * Level 3.3 Air Magic
 * Level 3.3 Earth Magic
 * Level 3.3 Poison Magic


You knew the following spells:

 Your Spells              Type           Power      Damage    Failure   Level
a - Foxfire               Conj/Fire      60%        2x1d7     3%          1
b - Scorch                Fire           30%        2d6       5%          2
c - Volatile Blastmotes   Fire/Tloc      30%        2d12      11%         3
d - Inner Flame           Hex/Fire       15%        N/A       11%         3
e - Flame Wave            Conj/Fire      15%        2d7       36%         4
f - Freeze                Ice            60%        1d7       3%          1
g - Searing Ray           Conj           30%        2d5       5%          2
Your spell library was empty.

Dungeon Overview and Level Annotations

Branches:
Dungeon (3/15)

Altars:

Annotations:
D:2 Crazy Yiuf


Innate Abilities, Weirdness & Mutations

You are immune to sickness and miasma.
You are immune to poison.
Your flesh is very heat resistant. (rF++)
You are vulnerable to cold. (rC-)
You float through the air rather than walking.
You learn spells naturally, not from books.
Your magical power is your life essence.
You have superior vitality. (+4 MHP)


Message History

A cloud of volatile blastmotes flares up around you!
You reach down and open the door.
Crazy Yiuf attacks as you move away!
Crazy Yiuf hits you with a +4 quarterstaff of chaos!
You are electrocuted!
The cloud of blastmotes explodes!
The concussive blast engulfs Crazy Yiuf!
Crazy Yiuf is severely wounded.
The concussive blast engulfs you. You resist.
You see here a +0 hammer.
Casting: Volatile Blastmotes (dangerous; 11% risk of failure)
Confirm with . or Enter, or press ? or * to list all spells.
You miscast Scorch.
You are very lightly contaminated with residual magic.
Nothing appears to happen.
Crazy Yiuf hits you with a +4 quarterstaff of chaos!
* * * LOW HITPOINT WARNING * * *
Crazy Yiuf freezes you.
* * * LOW HITPOINT WARNING * * *
Crazy Yiuf attacks as you move away! Crazy Yiuf completely misses you.
You see here a +0 hammer.
Casting: Scorch (safe; 5% risk of failure)
Confirm with . or Enter, or press ? or * to list all spells.
Okay, then.
You see here a +0 hammer.
Casting: Scorch (safe; 5% risk of failure)
Confirm with . or Enter, or press ? or * to list all spells.
Flames lash Crazy Yiuf.
Crazy Yiuf is almost dead.
Crazy Yiuf's fire resistance burns away.
* * * LOW HITPOINT WARNING * * *
Crazy Yiuf misses you.
Your magical contamination has completely faded away.
Casting: Scorch (safe; 5% risk of failure)
Confirm with . or Enter, or press ? or * to list all spells.
You conjure some foxfire!
* * * LOW HITPOINT WARNING * * *
Crazy Yiuf is no longer more vulnerable to fire.
Crazy Yiuf yells, "Paint snockshim childish!"
Crazy Yiuf hits you with a +4 quarterstaff of chaos!
You die...

........#### ♣♣)♣ #.#.# .#+######
♣)♣♣ #.#.#### .#.######### ♣♣.♣
#....... ...#.......# ♣)♣♣
###.#### #........### ♣♣)♣♣ #.# #
...#.###.# ♣.PP♣♣ #.# #
...#.###'### ♣.P.P♣ #######.####
...#.#.....# #.g.v# #...........
..<+.......###..@.##########.....
...#..........#.v................
...'.)........##...#########.....
..[#..........####.# ##......
##.#..........# #.# ##..#....
#†###........# #.# ##..##.... #.#
#........# #.# #..###....
#.###....<...# #.# ###.## #####
##..##############.# #...#


You could see Crazy Yiuf (ally target).

Vanquished Creatures
  Jessica (D:2)
  Terence (D:1)
  2 adders (D:2)
  2 worms (D:2)
  4 endoplasms
  5 giant cockroaches
  4 goblins
  3 hobgoblins (D:1)
  2 jackals (D:2)
  5 kobolds
  2 quokkas
  5 ball pythons
  5 bats (D:1)
  A frilled lizard (D:2)
  8 rats
50 creatures vanquished.

Vanquished Creatures (others)
  94 foxfires
94 creatures vanquished.

Grand Total: 144 creatures vanquished

Notes
Turn   | Place    | Note
-------+----------+-------------------------------------------
     0 | D:1      | jlumianski the Djinni Fire Elementalist began the quest for
                  | the Orb.
     0 | D:1      | jlumianski set off with the following spells memorised:
                  | Foxfire, Scorch, Volatile Blastmotes, Inner Flame, Flame
                  | Wave.
     0 | D:1      | Reached XP level 1. HP: 15/15 MP: 0/0
   154 | D:1      | Reached XP level 2. HP: 20/21 MP: 0/0
   419 | D:1      | Reached XP level 3. HP: 25/26 MP: 0/0
   419 | D:1      | Learned a level 1 spell: Freeze
   576 | D:1      | Found a faded altar of an unknown god.
   825 | D:1      | Reached skill level 1 in Fighting
  1181 | D:3      | Reached XP level 4. HP: 30/32 MP: 0/0
  1383 | D:2      | Noticed Jessica
  1393 | D:2      | Killed Jessica
  1494 | D:2      | Noticed Terence
  1528 | D:1      | Killed Terence
  1529 | D:1      | Reached skill level 1 in Short Blades
  1529 | D:1      | Reached XP level 5. HP: 15/38 MP: 0/0
  1529 | D:1      | Learned a level 2 spell: Searing Ray
  2189 | D:2      | Found a runed translucent door.
  2190 | D:2      | Noticed Crazy Yiuf
  2205 | D:2      | Mangled by Crazy Yiuf

Illustrated notes

Levels and vault maps discovered:
D:1:      spicycebolla_arrival_clurvy, layout_basic,
          hellmonk_ecumenical_altar_leap_of_faith, st_stairs_13,
          serial_bayou_lagoon_b
D:2:      layout_basic, kennysheep_generic_room_7, uniq_jessica, uniq_terence,
          uniq_crazy_yiuf_cottage
D:3:      layout_loops_corners, lemuel_doored_altar,
          mainiacjoe_overflow_24_doors, serial_rivers,
          chequers_serial_rivers_small_3, chequers_serial_rivers_micro_e,
          chequers_serial_rivers_small_a, chequers_serial_rivers_small_a,
          chequers_serial_rivers_micro_a, kennysheep_generic_room_3,
          uniq_natasha, uniq_ijyb

Skill      XL: |  1  2  3  4 |
---------------+-------------+-----
Spellcasting   | |  3.3
Conjurations   | |  3.3
Hexes          | |  3.3
Summonings     | |  3.3
Necromancy     | |  3.3
Translocations | |  3.3
Transmutations | |  3.3
Fire Magic     | |  3.3
Ice Magic      | |  3.3
Air Magic      | |  3.3
Earth Magic    | |  3.3
Poison Magic   | |  3.3
Fighting       | 1 2 |  2.0
Stealth        | 2 |  2.6
Dodging        | 3 |  3.0
Short Blades   | 1 |  1.1

Action                     |  1- 3 |  4- 6 || total
---------------------------+-------+-------++-------
  Melee: Dagger            |    29 |    15 ||    44
         Unarmed           |     1 |       ||     1
   Cast: Foxfire           |    34 |    24 ||    58
         Scorch            |       |     3 ||     3
         Volatile Blastmot |       |     1 ||     1
    Use: Scroll            |     3 |     1 ||     4
   Stab: Sleeping          |     5 |     1 ||     6
 Armour: Robe              |    16 |     1 ||    17
  Dodge: Dodged            |    26 |    12 ||    38

Table legend: (Time is in decaauts)
 A = Elapsed time spent in this place.
 B = Non-inter-level travel time spent in this place.
 C = Inter-level travel time spent in this place.
 D = Time resting spent in this place.
 E = Time spent auto-exploring this place.
 F = Levels seen in this place.
 G = Mean time per level.
                   A        B        C        D        E       F      G
               +--------+--------+--------+--------+--------+-----+--------+
         Total |   2207 |   2185 |     22 |    156 |   1206 |   3 |  735.7 |
       Dungeon |   2207 |   2185 |     22 |    156 |   1206 |   3 |  735.7 |
               +--------+--------+--------+--------+--------+-----+--------+

Top non-repeatable levels by time:
     D:1: 1091 daAuts
     D:2: 1021 daAuts
     D:3: 94 daAuts
